 Dungeon Crawl Stone Soup version 0.22-a0-443-g17c3723 (webtiles) character file.

39 4thArraOfDagon the Skirmisher (level 3, -11/36 HPs)
             Began as a Gargoyle Berserker on June 1, 2018.
             Was a Follower of Trog.
             Mangled by Ijustatesigmund's ghost (19 damage)
             ... on level 4 of the Dungeon.
             The game lasted 00:01:32 (379 turns).

4thArraOfDagon the Skirmisher (Gargoyle Berserker)   Turns: 379, Time: 00:01:33

Health: -11/36     AC:  9    Str: 26    XL:     3   Next: 47%
Magic:  3/3        EV: 10    Int:  7    God:    Trog [*.....]
Gold:   62         SH:  0    Dex:  9    Spells: 2/2 levels left

rFire    . . .     SeeInvis .   a - +0 hand axe
rCold    . . .     Gourm    +   (no shield)
rNeg     + . .     Faith    .   g - +0 scale mail
rPois    ∞         Spirit   .   (no helmet)
rElec    +         Reflect  .   (no cloak)
rCorr    .         Harm     .   (no gloves)
MR       .....                  (no boots)
Stlth    ..........             f - amulet of the gourmand
HPRegen  0.12/turn              (no ring)
MPRegen  0.08/turn              (no ring)

@: berserking, very quick
A: negative energy resistance 1, electricity resistance, unbreathing,
petrification resistance, rot immunity, AC +3
a: Berserk, Renounce Religion


You were on level 4 of the Dungeon.
You worshipped Trog.
Trog was aware of your devotion.
You were not hungry.

You visited 1 branch of the dungeon, and saw 4 of its levels.

You collected 62 gold pieces.

Inventory:

Hand Weapons
 a - a +0 hand axe (weapon)
Armour
 b - a +0 animal skin
 g - a +0 scale mail (worn)
Jewellery
 f - an amulet of the gourmand (around neck)
Scrolls
 d - 3 scrolls of teleportation {unknown}
 e - 2 scrolls of remove curse {unknown}
 i - a scroll of enchant armour {unknown}
Potions
 h - a potion of ambrosia {unknown}
 j - 2 potions of might {unknown}
 k - a potion of haste {unknown}
Comestibles
 c - 5 rations


   Skills:
 + Level 3.6 Fighting
 * Level 3.3 Axes
 + Level 2.6 Armour
 + Level 1.9 Dodging


You had 2 spell levels left.
You didn't know any spells.
Your spell library was empty.

Dungeon Overview and Level Annotations

Branches:
Dungeon (4/15)
 Temple: D:4-7

Altars:
Ashenzari
Xom

Annotations:
D:4 Ijustatesigmund's ghost, novice OgGl


Innate Abilities, Weirdness & Mutations

You are resistant to torment.
Your stone body is resilient. (AC +3)
You are immune to poison.
You resist negative energy. (rN+)
You are resistant to electric shocks. (rElec)
You can survive without breathing.
You are immune to petrification.
You are immune to rotting.


Message History

e - 2 scrolls labeled FELUNU AN QUKA (gained 1)
c - 5 rations (gained 1)
d - 3 scrolls labeled REMUPA VAMIC (gained 1) Ijustatesigmund's ghost (novice Ogre Gladiator) comes into view.
Ijustatesigmund's ghost turns its malevolent gaze towards you.
Ijustatesigmund's ghost shouts, "You will never get the ORB!"
Found a ration.
Found an escape hatch in the floor.
A red film seems to cover your vision as you go berserk!
You feel yourself moving faster!
You feel mighty!
You feel a lot more hungry. Ijustatesigmund's ghost hits you!!
Ouch! That really hurt!
* * * LOW HITPOINT WARNING * * *
You closely miss Ijustatesigmund's ghost.
Ijustatesigmund's ghost wails, "You must not fail where I succeeded!"
Ijustatesigmund's ghost hits you but does no damage.
You slash Ijustatesigmund's ghost!
Ijustatesigmund's ghost is lightly damaged.
Ijustatesigmund's ghost hits you!!
Ouch! That really hurt!
You die...

#>#.... #.
#.#...###
#.#.##.......
#.#.##.....#
#.#.##.....#
#.#.##.....#
#.#.##.....#
#.#........#
#.#....@W..#####
#####.#....>.......
#..........#...##..
#........#.#.......
#.######.#.#.%###.#
#.# #.#....# #.#
#.# #.####.###.#
#.# #.# #....<#
#.######.########.#


You could see Ijustatesigmund's ghost.

Vanquished Creatures
  A hound (D:4)
  2 bats (D:3)
  A hobgoblin (D:1)
  2 jackals (D:3)
  3 kobolds (D:3)
9 creatures vanquished.

Notes
Turn   | Place    | Note
-------+----------+-------------------------------------------
     0 | D:1      | 4thArraOfDagon the Gargoyle Berserker began the quest for the Orb.
     0 | D:1      | Reached XP level 1. HP: 14/14 MP: 1/1
   143 | D:3      | Found a shattered altar of Ashenzari.
   182 | D:3      | Found a shimmering altar of Xom.
   215 | D:3      | Reached XP level 2. HP: 17/19 MP: 2/2
   308 | D:4      | Reached XP level 3. HP: 24/24 MP: 3/3
   373 | D:4      | Noticed Ijustatesigmund's ghost (novice OgGl)
   379 | D:4      | Mangled by Ijustatesigmund's ghost

Vault maps used:
D:1:      saegor_arrival_simple_a
D:2:      old_standard_altar
D:3:      corexii_shack_village, xom_teletrap_fun, cheibrodos_ashenzari_chains,
          uniq_purgy
D:4:      fedhas_altar_1, kennysheep_small_square

Skill      XL: |  1  2 |
---------------+-------+-----
Axes           | 3 |  3.3
Fighting       | |  3.6
Armour         | |  2.6
Dodging        | |  1.9

Action                   || total
-------------------------++-------
Melee: Hand axe          ||    17
Invok: Berserk           ||     3
  Eat: Chunk             ||     2
Armor: Scale mail        ||    12
Dodge: Dodged            ||    17

Table legend:
 A = Spawn XP
 B = Non-spawn XP
 C = Spawn XP percentage of total XP
 D = Spawn monster count
 E = Non-spawn monster count
 F = Spawn count percentage of total count
 G = Total turns spent on level
                    A         B        C        D         E        F      G
               +---------+---------+-------+---------+---------+-------+---------
         Total |       0 |      57 |   0.0 |       0 |       9 |   0.0 |   379
               +---------+---------+-------+---------+---------+-------+---------
           D:1 |       0 |       2 |   0.0 |       0 |       1 |   0.0 |   118
           D:3 |       0 |      12 |   0.0 |       0 |       7 |   0.0 |   171
           D:4 |       0 |      43 |   0.0 |       0 |       1 |   0.0 |    77
               +---------+---------+-------+---------+---------+-------+---------
